 Dungeon Crawl Stone Soup version 0.17.0-23-g0de4337 (console) character file.

27 jw the Chopper (level 3, 0/26 HPs)
             Began as an Octopode Berserker on Nov 14, 2015.
             Was a Follower of Trog.
             Succumbed to a goblin's poison
             ... on level 2 of the Dungeon.
             The game lasted 00:04:04 (1595 turns).

jw the Chopper (Octopode Berserker)                 Turns: 1595, Time: 00:04:04

Health: 0/26       AC:  1    Str: 16    XL:     3   Next: 10%
Magic:  3/3        EV: 13    Int:  9    God:    Trog [*.....]
Gold:   80         SH:  0    Dex: 12    Spells: 0 memorised, 2 levels left

rFire  . . .     SeeInvis .     a - +1 hand axe
rCold  . . .     Clarity  .     (no shield)
rNeg   . . .     SustAt   .     (helmet restricted)
rPois  .         Gourm    .     (no amulet)
rElec  .         Spirit   .     d - ring of protection from magic
rCorr  .         Warding  .     (no ring)
rMut   .         Stasis   .     (no ring)
MR     +....                    (no ring)
Stlth  ++........               (no ring)
                                (no ring)
                                (no ring)
                                (no ring)

@: lethally poisoned (0 -> -1), somewhat resistant to hostile enchantments,
unstealthy
A: almost no armour, amphibious, 8 rings, constrict 8, camouflage 1, gelatinous
body 1
a: Berserk, Burn Spellbooks, Renounce Religion


You were on level 2 of the Dungeon.
You worshipped Trog.
Trog was aware of your devotion.
You were not hungry.

You visited 1 branch of the dungeon, and saw 2 of its levels.

You collected 80 gold pieces.

Inventory:

Hand Weapons
 a - a +1 hand axe (weapon)
Missiles
 e - 76 stones (quivered)
Jewellery
 d - a ring of protection from magic (left tentacle)
Scrolls
 f - 2 scrolls of identify
Comestibles
 b - 5 bread rations
 c - 3 meat rations
 k - a beef jerky


   Skills:
 + Level 3.4 Fighting
 * Level 3.5 Axes
 + Level 1.0 Throwing
 - Level 3.0 Dodging


You had 2 spell levels left.
You didn't know any spells.

Dungeon Overview and Level Annotations

Branches:
Dungeon (2/15)

Altars:


Innate Abilities, Weirdness & Mutations

You cannot wear most types of armour.
You are amphibious.
You can wear up to eight rings at the same time.
You can use your tentacles to constrict eight enemies at once.
Your skin changes colour to match your surroundings (Stealth).
Your rubbery body absorbs attacks (AC +1).


Message History

ATTACKING (0,1)
You swing at nothing.
You feel sick.
MOVING TO (-6,0) MOVING TO (-5,0)
You feel sick.
MOVING TO (-4,0) MOVING TO (-3,0) MOVING TO (-2,0)
You feel sick.
MOVING TO (-1,0) ATTACKING (1,0)
You swing at nothing.
MOVING TO (1,0) MOVING TO (1,0)
You feel sick.
MOVING TO (-1,0) MOVING TO (5,0) MOVING TO (4,0) MOVING TO (3,0)
You die...

#.##.####.#.# #....###
######.......#.#.# #......#
#.......#.#....#.###..8#8.#
#.####.#..........##..#S#.###
#.#..............8#8....
#.#.############.....# #.#..#
#....).#####
#.##.######%####.#
####..........x..##.#
#.........######.#.##.#
################.#.##.#
.................#....#
#####################.# ###


There were no monsters in sight!

Table legend:
 A = Turns spent in this place as a percentage of turns spent in the entire game.
 B = Non-inter-level travel turns spent in this place as a percentage of non-inter-level travel turns spent in the entire game.
 C = Inter-level travel turns spent in this place as a percentage of turns spent in this place.
 D = Turns resting spent in this place as a percentage of non-inter-level travel turns spent in this place.
 E = Turns spent auto-exploring this place as a percentage of non-inter-level travel turns spent in this place.
 F = Non-inter-level travel turns spent in this place divided by the number of levels of this place that you've seen.
                   A       B       C       D       E      F
               +-------+-------+-------+-------+-------+----------------------
         Total | 100.0 | 100.0 |   0.3 |   0.7 |   3.0 | 998.0
       Dungeon | 100.0 | 100.0 |   0.3 |   0.7 |   3.0 | 998.0
               +-------+-------+-------+-------+-------+----------------------

Table legend:
 A = Kills in this place as a percentage of kills in entire the game.
 B = Kills by you in this place as a percentage of kills by you in the entire game.
 C = Kills by friends in this place as a percentage of kills by friends in the entire game.
 D = Other kills in this place as a percentage of other kills in the entire game.
 E = Experience gained in this place as a percentage of experience gained in the entire game.
 F = Experience gained in this place divided by the number of levels of this place that you have seen.
                   A       B       C       D       E      F
               +-------+-------+-------+-------+-------+----------------------
         Total | 100.0 | 100.0 |  -nan |  -nan | 100.0 |  19.5
       Dungeon | 100.0 | 100.0 |  -nan |  -nan | 100.0 |  19.5
               +-------+-------+-------+-------+-------+----------------------

Vanquished Creatures
  6 bats
  2 giant cockroaches (D:1)
  5 goblins
  3 hobgoblins (D:1)
  5 kobolds (D:1)
  6 rats (D:1)
27 creatures vanquished.

Notes
Turn   | Place    | Note
--------------------------------------------------------------
     0 | D:1      | jw the Octopode Berserker began the quest for the Orb.
     0 | D:1      | Reached XP level 1. HP: 16/16 MP: 1/1
   566 | D:1      | Reached XP level 2. HP: 21/21 MP: 2/2
  1256 | D:1      | Reached XP level 3. HP: 26/26 MP: 3/3
  1528 | D:2      | Reached skill level 1 in Throwing
  1591 | D:2      | HP: 1/26 [poisoned by a goblin]
  1595 | D:2      | Succumbed to a goblin's poison

Action                   || total
-------------------------++-------
Melee: Hand axe          ||    47
Throw: Stone             ||    43
  Use: Scroll            ||     5
       Potion            ||     2
 Stab: Sleeping          ||     6
  Eat: Chunk             ||     2

Vault maps used:
D:1:      arrival_zaba_pyramid
D:2:      first_bread, minmay_statues_item, corner_web_ring
